 Dungeon Crawl Stone Soup version 0.30.0-19-g36f170ea60 (webtiles) character file.

Game seed: 13997029156363657680

59252 Graphine the Unseen (level 15, -1/97 HPs)
             Began as a Kobold Brigand on May 31, 2023.
             Was a High Priest of Dithmenos.
             Killed by the air
             ... invoked by a wind drake
              (13 damage)
             ... on level 4 of the Shoals on June 1, 2023.
             The game lasted 01:16:48 (23177 turns).

Graphine the Unseen (Kobold Brigand)               Turns: 23177, Time: 01:16:49

Health: -1/97      AC:  8    Str:  9    XL:     15   Next: 33%
Magic:  26/26      EV: 32    Int: 13    God:    Dithmenos [*****.]
Gold:   1013       SH:  6    Dex: 23    Spells: 28/28 levels left

rFire   + . .        C - +6 dagger (drain)
rCold   + + .        O - +2 buckler
rNeg    . . .        N - +2 robe {rC+ rF+}
rPois   +            (no helmet)
rElec   .            c - +1 cloak
rCorr   +            (no gloves)
SInv    .            L - +1 pair of boots
Will    ++...        b - amulet of Hedgheneq {Acrobat rCorr} Stlth ****++++++
                     n - ring of willpower
HPRegen 0.36/turn    q - +5 ring of evasion
MPRegen 0.20/turn

%: acrobat
@: mighty, wreathed by umbra, studying Fighting
A: small, no large weapons, nightstalker 3, cold resistance 1, poison resistance
a: Renounce Religion, Shadow Step, Shadow Form


You were on level 4 of the Shoals.
You worshipped Dithmenos.
Dithmenos was extremely pleased with you.
You visited 3 branches of the dungeon, and saw 19 of its levels.

You collected 1013 gold pieces.

Inventory:

Hand Weapons
 g - a +2 dagger of venom
 u - a +0 heavy arbalest
 C - a +6 dagger of draining (weapon)
 P - a +3 spectral quarterstaff
 V - a +0 rapier
Missiles
 d - 30 poisoned darts (quivered)
 e - 5 curare-tipped darts
 m - 4 atropa-tipped darts
 y - a throwing net
Armour
 c - a +1 cloak (worn)
 x - a +3 leather armour
 L - a +1 pair of boots (worn)
 N - a +2 robe of resistance (worn)
 O - a +2 buckler (worn)
Jewellery
 b - the amulet of Hedgheneq (around neck) {Acrobat rCorr}
   (You found it on level 9 of the Dungeon)

   [amulet of the acrobat]

   It increases your evasion while moving and waiting.
   rCorr:     It protects you from acid and corrosion.
 n - a ring of willpower (left hand)
 q - a +5 ring of evasion (right hand)
 w - an amulet of magic regeneration
 z - a +4 ring of protection
 I - a ring of wizardry
 K - a ring of willpower
 S - an amulet of regeneration
Wands
 k - a wand of digging (7)
 A - a wand of flame (14)
 J - a wand of roots (15)
 T - a wand of charming (7)
 U - a wand of polymorph (10)
Scrolls
 h - a scroll of enchant armour
 l - 5 scrolls of identify
 p - 3 scrolls of amnesia
 r - a scroll of brand weapon
 t - 3 scrolls of fog
 B - a scroll of immolation
 F - 3 scrolls of teleportation
 G - 2 scrolls of fear
 W - 3 scrolls of vulnerability
Potions
 f - a potion of might
 i - 6 potions of attraction
 j - 6 potions of curing
 o - a potion of flight
 s - 2 potions of resistance
 D - 3 potions of haste
 H - 3 potions of brilliance
Miscellaneous
 E - a lightning rod (2/4)


   Skills:
 * Level 12.6 Fighting
 - Level 10.0 Short Blades
 - Level 4.0 Throwing
 - Level 14.0 Dodging
 - Level 18.0 Stealth
 * Level 7.4 Spellcasting
 * Level 7.4 Conjurations
 - Level 12.0 Evocations


You had 28 spell levels left.
You didn't know any spells.
Your spell library contained the following spells:

 Spells                   Type           Power      Damage    Failure   Level
 Shock                    Conj/Air       56%        1d6       4%          1
 Momentum Strike          Conj/Tloc      28%        3d8       8%          2
 Blink                    Tloc           8%         N/A       34%         2
 Lesser Beckoning         Tloc           8%         N/A       34%         2
 Call Canine Familiar     Summ           4%         N/A       56%         3
 Frozen Ramparts          Ice            8%         1d2       56%         3
 Portal Projectile        Hex/Tloc       8%         N/A       56%         3
 Summon Guardian Golem    Hex/Summ       4%         N/A       56%         3
 Swiftness                Air            4%         N/A       56%         3
 Airstrike                Air            2%         2d(1-17)  92%         4
 Ice Form                 Ice/Tmut       4%         N/A       92%         4
 Leda's Liquefaction      Hex/Erth       2%         N/A       92%         4
 Summon Ice Beast         Ice/Summ       4%         N/A       92%         4
 Orb of Destruction       Conj           12%        9d7       100%        7
 Spellforged Servitor     Conj/Summ      7%         N/A       100%        7


Dungeon Overview and Level Annotations

Branches:
Dungeon (10/15)            Temple (0/1) D:6            Lair (5/5) D:10
 Shoals (4/4) Lair:3       Spider (0/4) Lair:3        Slime (0/5) Lair:5
    Orc (0/2) D:10

Altars:
Cheibriados
Dithmenos
Hepliaklqana
Okawaru
Sif Muna
Trog
Uskayaw
Wu Jian
Yredelemnul
Zin
The Shining One
Jiyva

Shops:
D:1 (   Shoals:1 *


Innate Abilities, Weirdness & Mutations

You are small and have problems with some larger weapons.
You are completely attuned to the shadows.
Your flesh is cold resistant. (rC+)
Your system is resistant to poisons. (rPois)


Message History

Dithmenos accepts your kill.
The wind drake exhales a fierce blast of wind!
You are knocked back by the gust of wind.
You slam into the stone wall!
* * * LOW HITPOINT WARNING * * *
The merfolk impaler shouts!
You hear a shout! x2
You hear a shout! x2
The wind drake flaps its wings at you. The air twists around and strikes you.
* * * LOW HITPOINT WARNING * * *
You climb downwards.
There is a stone staircase leading up here.
You feel much better. The wind drake completely misses you.
The wind drake closely misses you.
You barely miss the wind drake.
The wind drake is heavily wounded.
You miss the wind drake.
The wind drake is heavily wounded.
The wind drake exhales a fierce blast of wind!
You are knocked back by the gust of wind.
The wind drake flaps its wings at you. The air twists around and strikes you!!
* * * LOW HITPOINT WARNING * * *
You block the merfolk's attack. The wind drake completely misses you.
There is a stone staircase leading up here.
You hit the wind drake.
The wind drake is heavily wounded.
The wind drake closely misses you. The merfolk completely misses you.
You feel very mighty all of a sudden. The wind drake barely misses you.
The merfolk completely misses you.
You puncture the wind drake!
The wind drake is severely wounded.
Your shadow hits the wind drake with a dagger.
The wind drake completely misses you. The merfolk completely misses you.
Okay, then.
You hit the wind drake.
The wind drake is almost dead.
The wind drake flaps its wings at you. The air twists around and strikes you!
You die...

.)..~ ~~~~......#
...~~~~~~~~.....##
..~~~~~~~~†.....~#
~~~....~~~~.....##
~~~. #.~~~~.....~##
~~~~###.~~~~.[....#
≈~~~~~~~.##....##~
≈≈≈≈≈~~~.##.mk....
≈≈≈≈~~~...#..@....
≈≈≈≈~~............
~≈~~~....#........
~~~~....###.......
~~~~....# #.......
~~..............
~~.............


You could see a wind drake (repels missiles, very drained) and a merfolk
(drained).

Vanquished Creatures
  A sphinx (shapeshifter) (D:10)
  An azure jelly (Lair:5)
  A merfolk javelineer (Shoals:3)
  A merfolk impaler (Shoals:4)
  4 hydras
  A centaur warrior (D:10)
  A merfolk avatar (Shoals:4)
  A death knight (D:10)
  A boulder beetle (Lair:2)
  A merfolk aquamancer (Shoals:4)
  2 satyrs (Shoals:3)
  A tengu warrior (D:10)
  A two-headed ogre (D:10)
  7 death yaks
  The ghost of Kaece the Destroyer, a novice TeFE of Vehumet (Lair:1)
  Amaemon (D:8)
  2 skysharks
  A goliath frog (Lair:5)
  A sea snake (Shoals:4)
  7 harpies
  A manticore (Shoals:4)
  4 fauns
  6 elephants (Lair:5)
  4 black mambas
  A merfolk siren (Shoals:4)
  2 water nymphs
  17 cane toads
  An orange demon (D:8)
  4 komodo dragons
  2 rime drakes
  A tengu conjurer (D:10)
  2 trolls (D:10)
  A meliai (Lair:3)
  14 merfolk
  2 hornets
  Grinder (D:5)
  A polar bear (Lair:3)
  A wind drake (Shoals:1)
  3 tyrant leeches (Lair:5)
  20 blink frogs
  5 snapping turtles
  4 water elementals
  A wraith (D:10)
  3 wyverns
  A vampire (D:9)
  A shadow (D:10)
  27 yaks
  5 vampire mosquitoes (Lair:5)
  2 basilisks
  3 steam dragons
  Menkaure (D:5)
  2 wargs (D:10)
  An acid dragon (D:9)
  9 water moccasins
  8 orc warriors
  3 black bears
  An ice beast (D:5)
  4 ogres
  5 wolves (Lair:5)
  4 centaurs
  A phantom (D:7)
  A kobold brigand (D:9)
  7 bullfrogs
  A gnoll sergeant (D:9)
  2 scorpions
  12 wights
  6 killer bees (Lair:3)
  4 howler monkeys
  5 electric eels
  6 hounds
  13 orc priests
  4 jellies
  2 sleepcaps
  2 gnoll boudas
  Jessica (D:2)
  6 hell rats (Lair:4)
  9 orc wizards
  7 iguanas
  18 gnolls
  8 adders
  2 white imps
  2 ufetubi (D:5)
  A worm (D:5)
  3 dart slugs
  47 orcs
  9 endoplasms
  4 giant cockroaches
  10 goblins
  7 hobgoblins
  9 jackals
  5 quokkas
  7 ball pythons
  7 bats
  3 frilled lizards
  8 kobolds
  5 rats
459 creatures vanquished.

Vanquished Creatures (collateral kills)
  A sea snake (Shoals:4)
  A harpy (Shoals:4)
  A manticore (Shoals:4)
  A water moccasin (Shoals:4)
4 creatures vanquished.

Vanquished Creatures (others)
  2 anacondas (Shoals:4)
  An orc wizard (D:6)
3 creatures vanquished.

Grand Total: 466 creatures vanquished

Notes
Turn   | Place    | Note
-------+----------+-------------------------------------------
     0 | D:1      | Graphine the Kobold Brigand began the quest for the Orb.
     0 | D:1      | Reached XP level 1. HP: 12/12 MP: 1/1
    85 | D:1      | Reached XP level 2. HP: 17/17 MP: 2/2
   390 | D:1      | Reached skill level 6 in Stealth
   394 | D:1      | Found Ciann's Weapon Shop.
   466 | D:1      | Reached XP level 3. HP: 21/21 MP: 3/3
  1501 | D:2      | Noticed Jessica
  1505 | D:2      | Killed Jessica
  1506 | D:2      | Reached skill level 7 in Stealth
  1506 | D:2      | Reached XP level 4. HP: 26/26 MP: 4/4
  2046 | D:3      | Reached XP level 5. HP: 30/30 MP: 5/5
  2950 | D:4      | Reached skill level 8 in Stealth
  3104 | D:4      | Reached XP level 6. HP: 35/35 MP: 6/6
  3200 | D:4      | Noticed a black bear
  3204 | D:4      | Killed a black bear
  3205 | D:4      | Reached skill level 9 in Stealth
  3377 | D:4      | Reached XP level 7. HP: 40/40 MP: 7/7
  3733 | D:4      | Reached skill level 10 in Stealth
  4138 | D:5      | Entered Level 5 of the Dungeon
  4162 | D:5      | Reached skill level 11 in Stealth
  4231 | D:5      | Reached skill level 12 in Stealth
  4231 | D:5      | Reached XP level 8. HP: 43/44 MP: 8/8
  4279 | D:5      | Noticed Menkaure
  4287 | D:5      | Killed Menkaure
  4288 | D:5      | Reached skill level 13 in Stealth
  4430 | D:5      | Reached skill level 14 in Stealth
  4693 | D:5      | Found a shadowy altar of Dithmenos.
  4695 | D:5      | Found a shimmering blue altar of Sif Muna.
  4696 | D:5      | Found a hazy altar of Hepliaklqana.
  4698 | D:5      | Became a worshipper of Dithmenos the Shadowed
  4699 | D:5      | Found a snail-covered altar of Cheibriados.
  4700 | D:5      | Found a glowing golden altar of the Shining One.
  4702 | D:5      | Found an ornate altar of the Wu Jian Council.
  4704 | D:5      | Found a bloodstained altar of Trog.
  4708 | D:5      | Found a basalt altar of Yredelemnul.
  4709 | D:5      | Found an iron altar of Okawaru.
  4711 | D:5      | Found a hide-covered altar of Uskayaw.
  4712 | D:5      | Found a glowing silver altar of Zin.
  4800 | D:5      | Noticed Grinder
  4804 | D:5      | Killed Grinder
  4805 | D:5      | Reached skill level 15 in Stealth
  4805 | D:5      | Reached XP level 9. HP: 48/48 MP: 9/9
  5050 | D:6      | Reached skill level 16 in Stealth
  5263 | D:6      | Found a staircase to the Ecumenical Temple.
  5296 | D:6      | Reached * piety under Dithmenos
  5658 | D:6      | Reached skill level 17 in Stealth
  6604 | D:7      | Reached XP level 10. HP: 53/53 MP: 10/10
  6788 | D:7      | Reached skill level 18 in Stealth
  7585 | D:8      | Reached skill level 5 in Short Blades
  7863 | D:8      | Reached skill level 5 in Fighting
  7997 | D:8      | Reached ** piety under Dithmenos
  8130 | D:8      | Noticed an orange demon
  8131 | D:8      | Noticed Amaemon
  8134 | D:8      | Killed an orange demon
  8136 | D:8      | Killed Amaemon
  8576 | D:9      | Reached XP level 11. HP: 67/67 MP: 11/11
  9040 | D:9      | Identified the amulet of Hedgheneq {Acrobat rCorr}
  9178 | D:10     | Entered Level 10 of the Dungeon
  9215 | D:10     | Noticed a centaur warrior
  9238 | D:10     | Reached skill level 10 in Short Blades
  9339 | D:10     | Noticed a two-headed ogre
  9347 | D:10     | Noticed a tengu warrior
  9418 | D:10     | Found a staircase to the Lair.
  9420 | D:10     | Reached *** piety under Dithmenos
  9657 | D:10     | Found a staircase to the Orcish Mines.
  9830 | D:10     | Reached skill level 5 in Dodging
 10256 | D:10     | Killed a tengu warrior
 10257 | D:10     | Reached skill level 10 in Fighting
 10257 | D:10     | Reached XP level 12. HP: 51/77 MP: 12/12
 10270 | D:10     | Killed a two-headed ogre
 10420 | D:10     | Noticed a death knight
 10438 | D:10     | Killed a death knight
 10607 | D:10     | Noticed a sphinx
 10619 | D:10     | Killed a sphinx
 10774 | D:10     | Killed a centaur warrior
 10774 | D:10     | Reached **** piety under Dithmenos
 10967 | Lair:1   | Entered Level 1 of the Lair of Beasts
 11149 | Lair:1   | Noticed a death yak
 11150 | Lair:1   | Noticed a death yak
 11151 | Lair:1   | Killed a death yak
 11152 | Lair:1   | Noticed a death yak
 11154 | Lair:1   | Noticed a death yak
 11155 | Lair:1   | Killed a death yak
 11157 | Lair:1   | Killed a death yak
 11160 | Lair:1   | Killed a death yak
 11161 | Lair:1   | Reached skill level 10 in Dodging
 11397 | Lair:1   | Found a runed translucent door.
 11397 | Lair:1   | Noticed Kaece's ghost (novice TeFE)
 11404 | Lair:1   | Killed Kaece's ghost
 12484 | Lair:1   | Gained mutation: Your flesh is cold resistant. (rC+)
                  | [potion of mutation]
 12484 | Lair:1   | Gained mutation: Your system is resistant to poisons.
                  | (rPois) [potion of mutation]
 12491 | Lair:2   | Noticed an eight-headed hydra
 12513 | Lair:2   | Killed an eight-headed hydra
 12635 | Lair:2   | Reached XP level 13. HP: 34/86 MP: 13/13
 12978 | Lair:2   | You fall into a shaft and drop 1 floor!
 13051 | Lair:3   | Found a staircase to the Shoals.
 13075 | Lair:3   | Identified the +10 spear "Koheoll" {flame, Fragile Int+7
                  | Dex+5}
 14113 | Lair:3   | Found a hole to the Spider Nest.
 14849 | Lair:3   | Reached skill level 1 in Evocations
 14905 | Lair:4   | Noticed an eight-headed hydra
 14914 | Lair:4   | Killed an eight-headed hydra
 15105 | Lair:4   | Reached skill level 5 in Evocations
 16905 | Lair:5   | Entered Level 5 of the Lair of Beasts
 17140 | Lair:5   | Noticed an eight-headed hydra
 17155 | Lair:5   | Killed an eight-headed hydra
 17305 | Lair:5   | Reached ***** piety under Dithmenos
 17383 | Lair:5   | Reached XP level 14. HP: 79/92 MP: 14/14
 17446 | Lair:5   | Reached skill level 10 in Evocations
 18516 | Lair:5   | Reached skill level 1 in Spellcasting
 18516 | Lair:5   | Reached skill level 1 in Conjurations
 18829 | Lair:5   | Found a runed translucent door.
 18831 | Lair:5   | Found a viscous altar of Jiyva.
 18833 | Lair:5   | Found a staircase to the Slime Pits.
 18833 | Lair:5   | Noticed an azure jelly
 18838 | Lair:5   | Killed an azure jelly
 19703 | Shoals:1 | Entered Level 1 of the Shoals
 19743 | Shoals:1 | Found Finog's Assorted Antiques.
 20561 | Shoals:3 | Reached skill level 5 in Spellcasting
 20561 | Shoals:3 | Reached skill level 5 in Conjurations
 21852 | Shoals:3 | Reached XP level 15. HP: 72/96 MP: 22/24
 21904 | Shoals:4 | Entered Level 4 of the Shoals
 23177 | Shoals:4 | Killed from afar by a wind drake

Illustrated notes

Levels and vault maps discovered:
D:1:      scummos_arrival_checkerplants, layout_loops_corners, serial_shops,
          shop
D:2:      layout_loops_cross, chequers_serial_rivers_large_a, uniq_jessica
D:3:      layout_basic, dk_noncrumbling_2
D:4:      layout_basic, minmay_tree_intersection
D:5:      layout_rooms, nicolae_overflow_hallway_of_the_gods,
          grunt_ministairs_15, minmay_joined_circles, uniq_grinder,
          uniq_menkaure
D:6:      layout_basic, minmay_temple_entry_waves, st_stairs_5
D:7:      layout_layer_cave, nrook_pool_corridor, chequers_serial_rivers_large_b
D:8:      layout_basic, uniq_amaemon
D:9:      layout_basic
D:10:     layout_basic, erik_lair_orcish_takeover,
          minmay_orc_entry_temple_small, minmay_fractal_squares_gapless_7
Lair:1:   layout_layer_cave, hellmonk_ghost_happy_afterlife,
          nicolae_quartered_pool_super, grunt_megastairs_4, lemuel_fruit_tree
Lair:2:   layout_hall_layers, cheibrodos_lair_reptile_den, grunt_megastairs_5,
          lemuel_fruit_fields
Lair:3:   layout_cave_pods, minmay_shoals_entry_hut,
          hellmonk_spider_entry_not_the_bees, infiniplex_staircase_pool,
          serial_bayou_shore_a
Lair:4:   layout_layer_cave, grunt_megastairs_2
Lair:5:   minmay_lair_end_frog_pond, layout_cave_pods, slime_entry_2,
          nicolae_volcano_entry_two_sided
Shoals:1: layout_shoals, serial_shops, shop
Shoals:2: layout_shoals, serial_shops, shop, nicolae_shoals_square_sea_wall,
          uniq_ilsuiw
Shoals:3: layout_shoals, nicolae_shoals_nautilus_by_nature,
          nicolae_shoals_flooded_hall, uniq_polyphemus, uniq_aizul
Shoals:4: shoals_end_grunt_ice, layout_shoals,
          nicolae_shoals_siren_and_animal_friends

Skill      XL: |  1  2  3  4  5  6  7  8  9 10 11 12 13 14 15 |
---------------+----------------------------------------------+-----
Stealth        | 6 7 8 9 12 15 17 18 | 18.0
Throwing       | 3 4 |  4.0
Short Blades   | 8 10 | 10.0
Fighting       | 7 10 12 | 12.6
Dodging        | 6 11 14 | 14.0
Evocations     | 9 12 | 12.0
Spellcasting   | 6 7 |  7.4
Conjurations   | 6 7 |  7.4

Action                     |  1- 3 |  4- 6 |  7- 9 | 10-12 | 13-15 || total
---------------------------+-------+-------+-------+-------+-------++-------
  Melee: Dagger            |    51 |   103 |   243 |   502 |  1111 ||  2010
         Punch             |       |     1 |     5 |     3 |       ||     9
  Throw: Dart              |     7 |     7 |     8 |    16 |   121 ||   159
  Evoke: Wand              |       |       |    14 |    20 |    18 ||    52
         Lightning rod     |       |       |       |       |     3 ||     3
    Use: Scroll            |     1 |     2 |    14 |    15 |    14 ||    46
         Potion            |       |       |     1 |     3 |    13 ||    17
   Stab: Sleeping          |    27 |    20 |    31 |    50 |    34 ||   162
         Distracted        |       |       |     2 |     4 |     9 ||    15
         Invisible         |       |       |       |     7 |     4 ||    11
 Armour: Robe              |       |    17 |     5 |    20 |    63 ||   105
         Leather armour    |       |     3 |    39 |       |       ||    42
  Dodge: Dodged            |    18 |    58 |   186 |   320 |  1308 ||  1890
  Block: Buckler           |       |       |       |    26 |   302 ||   328
